AoeStats
← matheus503

Arena

510402991Analyzed
2v2 RM · 1d ago on Sep 30, 2026· 66m 36s· 4 players
Game mode
Random Map
Map size
Medium (4 player)
Population
200
Speed
Normal
Resources
Standard
Victory
Conquest
Starting age
Dark Age
Ending age
Imperial Age
RankedLock teamsTeams togetherTeam positionsShared explorationLock speedFull tech treeHidden civsTurbo modeCheats
Victory
Defeat
🇩🇪 Shu · Germany
823
+17
🇩🇪 Poles · Germany
801
+17
🇧🇷 Persians · Brazil
841
-17
🇧🇷 Teutons · Brazil
836
-17
haumti
10:16 Feudal Age
10:30 Feudal Age
11:20 Double-Bit Axe
11:18 Horse Collar
12:42 Loom
17:50 Castle Age
18:50 Heavy Plow
19:02 Bow Saw
21:18 Wheelbarrow
22:29 Hand Cart
22:01 Town Watch
26:08 Gold Mining
28:49 Gold Shaft Mining
29:31 Forging
29:27 Scale Barding Armor
29:24 Treadmill Crane
30:08 Ballistics
30:24 Light Cavalry
31:05 Husbandry
31:32 Chain Barding Armor
39:47 Imperial Age
42:56 Chemistry
42:35 Plate Barding Armor
42:05 Padded Archer Armor
41:56 Fletching
42:54 Heavy Hei Guang Cavalry
52:49 Conscription
53:03 Crossbowman
53:49 Thumb Ring
53:44 Arbalester
59:40 Elite Skirmisher
AVAbest
11:55 Feudal Age
16:07 Castle Age
14:14 Double-Bit Axe
14:14 Horse Collar
16:29 Wheelbarrow
18:25 Bow Saw
18:53 Fervor
24:17 Hand Cart
25:28 Gold Mining
25:28 Stone Mining
27:04 Stone Shaft Mining
26:35 Town Watch
26:36 Loom
27:33 Squires
30:48 Imperial Age
28:15 Town Watch
29:58 Fletching
30:09 Padded Archer Armor
31:44 Heavy Plow
32:26 Conscription
32:32 Lechitic Legacy
32:16 Bodkin Arrow
32:36 Leather Archer Armor
32:32 Forging
32:27 Scale Barding Armor
35:44 Chemistry
35:22 Husbandry
35:32 Bloodlines
34:43 Light Cavalry
36:14 Town Patrol
37:39 Pikeman
38:04 Arson
38:59 Iron Casting
38:24 Scale Mail Armor
40:49 Blast Furnace
39:51 Bracer
40:40 Chain Mail Armor
40:46 Chain Barding Armor
41:29 Ballistics
40:55 Treadmill Crane
41:36 Ballistics
41:12 Murder Holes
41:41 Murder Holes
41:52 Siege Engineers
43:45 Crop Rotation
42:56 Winged Hussar
45:46 Plate Mail Armor
47:20 Thumb Ring
46:36 Crossbowman
48:47 Masonry
48:23 Arbalester
61:25 Heavy Mounted Crossbowman
filho.do.fgc
2:51 Loom
12:21 Feudal Age
15:56 Double-Bit Axe
20:41 Castle Age
18:41 Horse Collar
21:47 Bow Saw
21:51 Stone Mining
29:21 Gold Mining
30:51 Wheelbarrow
32:39 Pikeman
36:45 Hand Cart
37:57 Ironclad
40:27 Imperial Age
37:43 Town Watch
41:44 Town Patrol
41:52 Scale Mail Armor
42:40 Forging
43:24 Crenellations
46:12 Two-Man Saw
45:13 Heavy Plow
45:50 Stone Shaft Mining
44:40 Halberdier
46:41 Onager
47:48 Fletching
47:32 Onager
48:14 Gambesons
48:30 Squires
51:01 Conscription
52:18 Hoardings
53:00 Chemistry
52:52 Crop Rotation
58:51 Elite Teutonic Knight
60:08 Chain Mail Armor
60:28 Iron Casting
matheus503
11:22 Feudal Age
13:55 Double-Bit Axe
16:42 Castle Age
16:14 Loom
16:19 Horse Collar
16:59 Gold Mining
19:57 Forging
21:53 Town Watch
23:42 Heavy Plow
24:13 Bow Saw
26:39 Town Patrol
27:42 Iron Casting
27:07 Scale Mail Armor
27:15 Scale Barding Armor
29:50 Gold Shaft Mining
29:07 Stone Mining
29:55 Wheelbarrow
30:32 Bloodlines
31:54 Chain Barding Armor
35:26 Stone Shaft Mining
35:15 Husbandry
38:32 Imperial Age
36:20 Hand Cart
38:07 Caravan
39:28 Conscription
40:05 Plate Barding Armor
39:40 Heavy Scorpion
40:09 Cavalier
41:14 Savar
43:28 Blast Furnace
43:38 Chemistry
44:59 Scale Mail Armor
44:46 Pikeman
45:58 Ballistics
46:04 Halberdier
47:32 Gambesons
47:49 Squires
49:50 Two-Man Saw
49:23 Crop Rotation
50:49 Thumb Ring
Connection lost

Rejoining the realm…

Still unreachable

The connection could not be restored.

Session expired

The server has moved on; the page needs a fresh start.